 Dungeon Crawl Stone Soup version 0.30.0-11-gf55b779eaf (webtiles) character file.

Game seed: 17288420915384074783

493 adizb the Cudgeller (level 6, 0/55 HPs)
             Began as an Armataur Monk on May 16, 2023.
             Was a Priest of Okawaru.
             Slain by a wyvern (8 damage)
             ... on level 4 of the Dungeon.
             The game lasted 00:16:21 (2750 turns).

adizb the Cudgeller (Armataur Monk)                 Turns: 2750, Time: 00:16:22

Health: 0/55       AC:  9    Str: 19    XL:     6   Next: 92%
Magic:  8/8        EV:  8    Int: 10    God:    Okawaru [***...]
Gold:   171        SH:  0    Dex: 12    Spells: 5/5 levels left

rFire   . . .        l - +2 mace (drain)
rCold   . . .        (no shield)
rNeg    + . .        w - +0 scale mail
rPois   .            v - +0 helmet "Asayzep" {Rampage rN+ Will+ Stlth-}
rElec   .            m - +0 cloak
rCorr   .            (no gloves)
SInv    .            (no barding)
Will    +....        (no amulet) Stlth
                     (no ring)
HPRegen 0.29/turn    (no ring)
MPRegen 0.11/turn

%: roll
@: hasted, very quick
A: large, rugged brown scales 3, deformed body, armoured tail, roll, long
tongue, awkward tongue
a: Renounce Religion, Heroism


You were on level 4 of the Dungeon.
You worshipped Okawaru.
Okawaru was most pleased with you.
You visited 1 branch of the dungeon, and saw 4 of its levels.
You also visited: Sewer.

You collected 171 gold pieces.

Inventory:

Hand Weapons
 l - a +2 mace of draining (weapon)
Armour
 m - a +0 cloak (worn)
 p - a +0 kite shield
 v - the +0 helmet "Asayzep" (worn) {Rampage rN+ Will+ Stlth-}
   (You found it on level 3 of the Dungeon)

   rN:        It protects you from negative energy.
   Rampage:   It bestows one free step when moving towards enemies.
   Will:      It increases your willpower.
   Stlth:     It makes you less stealthy.
 w - a +0 scale mail (worn)
Scrolls
 a - a scroll of teleportation {unknown}
 f - a scroll of fear {unknown}
 g - 4 scrolls of immolation {unknown}
 i - 2 scrolls of amnesia {unknown}
 o - a scroll of vulnerability {unknown}
 r - a scroll of enchant armour {unknown}
 t - a scroll of magic mapping {unknown}
 u - a scroll of fog
Potions
 c - a potion of ambrosia
 d - 3 potions of might {unknown}
 e - 2 potions of attraction {unknown}
 h - 3 potions of haste
 j - 2 potions of berserk rage {unknown}
 k - 2 potions of degeneration {unknown}
 n - a potion of lignification {unknown}
 q - a potion of brilliance {unknown}
 s - a potion of magic {unknown}


   Skills:
 + Level 4.0 Fighting
 * Level 5.1 Maces & Flails
 + Level 3.3 Armour
 - Level 2.1 Dodging
 + Level 2.9 Invocations


You had 5 spell levels left.
You didn't know any spells.
Your spell library contained the following spells:

 Spells                   Type           Power      Damage    Failure   Level
 Ensorcelled Hibernation  Hex/Ice        0%         N/A       86%         2
 Sublimation of Blood     Necr           0%         N/A       86%         2
 Wereblood                Tmut           0%         N/A       86%         2
 Frozen Ramparts          Ice            0%         1d1       97%         3
 Spider Form              Tmut/Pois      0%         N/A       97%         3
 Anguish                  Hex/Necr       0%         N/A       100%        4
 Ice Form                 Ice/Tmut       0%         N/A       100%        4
 Summon Ice Beast         Ice/Summ       Unusable   N/A       N/A         4
 Summon Hydra             Summ           Unusable   N/A       N/A         7

Dungeon Overview and Level Annotations

Branches:
Dungeon (4/15)              Sewer (visited)
 Temple: D:4-7

Altars:
Dithmenos
Makhleb
Okawaru
Yredelemnul

Shops:
D:1 =


Innate Abilities, Weirdness & Mutations

You are completely covered in rugged brown scales. (AC +3, +7% HP)
Armour fits poorly on your strangely shaped body.
You have a long armoured tail.
You roll when moving toward enemies. (Rampage)
Your long tongue fully drains potion bottles. (2x potion effects)
Your tongue gives you trouble enunciating. (1.5x scroll delay)


Message History

You finish putting on your +0 scale mail.
You drop a +0 robe.
There is a stone staircase leading down here.
You open the door.
Found a rapier.
There is an open door here.
You open the door.
There is an open door here.
You open the door.
There is an open door here.
There is a stone staircase leading down here.
A goblin comes into view. It is wielding a +0 dagger.
The goblin shouts!
A wyvern comes into view.
The wyvern hisses angrily.
You roll towards the goblin!
Found 6 stones.
You completely miss the goblin.
Your tail-slap misses the goblin.
The wyvern bites you!
A gnoll comes into view. It is wielding a +0 club.
The goblin hits you but does no damage.
The gnoll shouts!
You hear a shout!
The wyvern bites you.
You barely miss the wyvern.
The wyvern bites you but does no damage.
You hit the wyvern.
The wyvern is lightly wounded.
The wyvern bites you!
The wyvern bites you but does no damage.
You thump the wyvern!
The wyvern is moderately wounded.
The wyvern bites you! x2
* * * LOW HITPOINT WARNING * * *
The wyvern attacks as you move away!
The wyvern bites you but does no damage.
Okay, then.
Okay, then.
You feel yourself speed up.
You slurp down every last drop of the potion of haste!
The wyvern bites you!
You die...

.( .. .
#.####. .#
###.....##.
.........
#.....# #gg.#
#.# #l# #@#
#.# #.#
######## #.#
#......# #.#
######.####.#
### #.#
#......# #.#
..# #.#
#......####.#
#### #.# #>#
#.........#.#
#...##.#
##.##
#......##.#.#


You could see a wyvern, a gnoll and a goblin.

Vanquished Creatures
  3 kobold brigands (Sewer)
  An orc priest (D:3)
  7 adders
  4 gnolls (D:3)
  4 river rats
  3 worms (D:2)
  4 dart slugs
  3 orcs (D:3)
  8 ball pythons
  6 bats
  3 endoplasms
  6 giant cockroaches
  4 goblins
  12 hobgoblins
  8 jackals
  8 kobolds
  6 quokkas
  10 frilled lizards
  17 rats
117 creatures vanquished.

Notes
Turn   | Place    | Note
-------+----------+-------------------------------------------
     0 | D:1      | adizb the Armataur Monk began the quest for the Orb.
     0 | D:1      | Reached XP level 1. HP: 19/19 MP: 1/1
    48 | D:1      | Found a faded altar of an unknown god.
    76 | D:1      | Prayed at the altar of an unknown god.
    76 | D:1      | Became a worshipper of Warmaster Okawaru
    76 | D:1      | Reached * piety under Okawaru
    76 | D:1      | Reached ** piety under Okawaru
   102 | D:1      | Reached skill level 3 in Maces & Flails
   172 | D:1      | Reached XP level 2. HP: 14/26 MP: 2/2
   342 | D:1      | Found Itidyn's Jewellery Shoppe.
   491 | D:1      | Reached XP level 3. HP: 33/33 MP: 3/3
   669 | D:2      | Reached skill level 1 in Invocations
   683 | D:2      | Reached skill level 1 in Armour
   738 | D:2      | Reached *** piety under Okawaru
   794 | D:2      | Found a basalt altar of Yredelemnul.
   864 | D:2      | Reached XP level 4. HP: 40/40 MP: 4/4
  1354 | D:3      | Reached skill level 4 in Maces & Flails
  1354 | D:3      | Reached XP level 5. HP: 11/48 MP: 6/6
  1738 | D:3      | Found a shadowy altar of Dithmenos.
  1743 | D:3      | Found a glowing drain.
  1756 | Sewer    | Entered a sewer
  1831 | Sewer    | Reached XP level 6. HP: 5/55 MP: 7/7
  2102 | Sewer    | Reached skill level 5 in Maces & Flails
  2379 | D:3      | Identified the +0 helmet "Asayzep" {Rampage rN+ Will+
                  | Stlth-}
  2546 | D:4      | Found a burning altar of Makhleb.
  2742 | D:4      | Noticed a wyvern
  2750 | D:4      | Slain by a wyvern

Illustrated notes

Levels and vault maps discovered:
D:1:      lightli_arrival_windingriver, layout_loops_ring,
          shapermc_ecumenical_altar_gd, serial_shops, shop
D:2:      layout_rooms, basic_altar, amcnicky_mini_corridor_feature
D:3:      layout_rooms, mainiacjoe_overflow_brackets, portal_sewer_entry_e,
          serial_glass, glass_columns_b, glass_columns_a
D:4:      minmay_spotlight, layout_loops_corners, nicolae_tso_carved_into_rock,
          mainiacjoe_overflow_tiny_flanked, minmay_pentomino_pile

Skill      XL: |  1  2  3  4  5  6 |
---------------+-------------------+-----
Maces & Flails | 3 4 5 |  5.1
Fighting       | 3 4 |  4.0
Invocations    | 1 2 |  2.9
Armour         | 1 2 3 |  3.3
Dodging        | |  2.1

Action                     |  1- 3 |  4- 6 || total
---------------------------+-------+-------++-------
  Melee: Mace              |    98 |   220 ||   318
         Tailslap          |    10 |    23 ||    33
         Punch             |     1 |     2 ||     3
    Use: Potion            |       |     3 ||     3
         Scroll            |       |     2 ||     2
   Stab: Sleeping          |     2 |     1 ||     3
         Distracted        |       |     1 ||     1
 Armour: Robe              |    48 |    84 ||   132
         Scale mail        |       |     4 ||     4
  Dodge: Dodged            |    59 |   112 ||   171
